AoeStats
← Mark0

Arena

509029848Analyzed
2v2 RM · 6d ago on Sep 25, 2026· 93m 6s· 4 players
Game mode
Random Map
Map size
Medium (4 player)
Population
200
Speed
Normal
Resources
Standard
Victory
Conquest
Starting age
Dark Age
Ending age
Imperial Age
RankedLock teamsTeams togetherTeam positionsShared explorationLock speedFull tech treeHidden civsTurbo modeCheats
Victory
Defeat
🇲🇽 Saxons · Mexico
897
+13
🇲🇽 Varangians · Mexico
811
+16
🇲🇽 Bohemians · Mexico
832
-15
🇲🇽 Italians · Mexico
809
-14
Mark0
4:47 Loom
11:19 Feudal Age
16:09 Castle Age
14:38 Fletching
15:07 Double-Bit Axe
16:23 Wheelbarrow
15:51 Horse Collar
18:22 Murder Holes
21:48 Town Watch
22:51 Fervor
28:23 Heavy Plow
29:26 Husbandry
33:02 Imperial Age
32:06 Chemistry
32:54 Wagenburg Tactics
33:07 Hand Cart
34:33 Bow Saw
34:41 Bodkin Arrow
36:38 Conscription
36:22 Crossbowman
37:25 Ballistics
37:16 Fortified Wall
39:12 Bracer
39:13 Padded Archer Armor
40:54 Two-Man Saw
42:44 Houfnice
49:25 Siege Engineers
49:30 Masonry
51:10 Light Cavalry
52:46 Cavalier
55:35 Architecture
56:03 Forging
55:59 Scale Barding Armor
61:06 Elite Skirmisher
63:56 Iron Casting
63:22 Scale Mail Armor
63:48 Squires
63:11 Pikeman
64:37 Guilds
64:56 Leather Archer Armor
64:26 Halberdier
66:09 Blast Furnace
67:04 Chain Mail Armor
69:35 Plate Mail Armor
71:24 Man-at-Arms
71:59 Long Swordsman
72:33 Two-Handed Swordsman
73:31 Champion
82:18 Caravan
84:30 Arson
88:46 Ring Archer Armor
PigNoise
1:48 Loom
15:45 Feudal Age
17:43 Horse Collar
17:50 Double-Bit Axe
17:57 Gold Mining
18:03 Stone Mining
18:51 Wheelbarrow
18:02 Town Watch
35:00 Castle Age
34:46 Forging
34:37 Scale Mail Armor
34:28 Fletching
34:39 Padded Archer Armor
38:07 Iron Casting
40:21 Silk Road
39:46 Pikeman
40:27 Squires
42:00 Arson
47:12 Bow Saw
49:21 Hand Cart
51:04 Town Patrol
53:34 Treadmill Crane
56:00 Heavy Plow
55:55 Heated Shot
57:20 Leather Archer Armor
57:01 Bodkin Arrow
57:22 Chain Mail Armor
59:22 Scale Barding Armor
67:05 Husbandry
74:01 Man-at-Arms
86:53 Imperial Age
86:58 Chain Barding Armor
89:23 Blast Furnace
88:54 Plate Mail Armor
88:25 Bracer
89:32 Two-Man Saw
89:06 Crop Rotation
metalover13
1:54 Loom
11:53 Feudal Age
12:20 Double-Bit Axe
13:12 Wheelbarrow
20:01 Castle Age
18:41 Stone Mining
32:33 Imperial Age
31:08 Horse Collar
33:30 Gothikon
34:43 Forging
37:43 Elite Varangian Guard
40:22 Scale Mail Armor
48:10 Bow Saw
49:49 Arson
52:54 Two-Man Saw
53:07 Squires
53:47 Iron Casting
54:44 Chain Mail Armor
56:06 Hand Cart
61:26 Elite Skirmisher
67:41 Pikeman
68:24 Capped Ram
70:25 Chemistry
78:10 Gold Mining
79:00 Stone Shaft Mining
80:42 Blast Furnace
82:20 Bloodlines
82:02 Siege Ram
83:14 Light Cavalry
84:36 Cavalier
86:28 Husbandry
Titanjosh11
9:53 Feudal Age
15:17 Castle Age
13:13 Double-Bit Axe
16:49 Loom
17:22 Bow Saw
19:42 Wheelbarrow
23:27 Fletching
30:49 Imperial Age
29:04 Hand Cart
30:44 Horse Collar
30:55 Shield Wall
32:39 Conscription
32:48 Gold Mining
34:35 Two-Man Saw
34:13 Town Watch
35:18 Forging
35:09 Scale Mail Armor
36:52 Gold Shaft Mining
36:35 Arson
38:14 Heavy Plow
37:42 Elite Varangian Guard
38:26 Squires
38:44 Chain Mail Armor
39:05 Iron Casting
41:07 Plate Mail Armor
43:58 Stone Mining
45:58 Ballistics
45:38 Cranequins
46:16 Bodkin Arrow
46:22 Padded Archer Armor
46:59 Elite Skirmisher
47:59 Leather Archer Armor
49:18 Chemistry
49:09 Bracer
49:40 Ring Archer Armor
51:03 Siege Engineers
77:09 Heavy Mounted Crossbowman
Connection lost

Rejoining the realm…

Still unreachable

The connection could not be restored.

Session expired

The server has moved on; the page needs a fresh start.